 Dungeon Crawl Stone Soup version 0.20-a0-502-g555d78b (webtiles) character file.

496 terra52 the Skirmisher (level 6, -9/57 HPs)
             Began as a Draconian Wanderer on Jan 21, 2017.
             Was a Follower of Vehumet.
             Killed by nerve-wracking pain
             ... invoked by Menkaure
              (12 damage)
             ... on level 4 of the Dungeon.
             The game lasted 00:15:25 (3505 turns).

terra52 the Skirmisher (Draconian Wanderer)         Turns: 3505, Time: 00:15:27

Health: -9/57      AC:  9    Str: 12    XL:     6   Next: 93%
Magic:  1/10       EV: 13    Int: 15    God:    Vehumet [*.....]
Gold:   211        SH:  8    Dex: 12    Spells: 9/10 levels left

rFire    . . .     SeeInvis .   a - +2 spear
rCold    . . .     Gourm    .   (armour unavailable)
rNeg     . . .     Faith    .   e - +0 buckler
rPois    .         Spirit   .   (helmet restricted)
rElec    .         Reflect  +   s - +0 cloak
rCorr    .         Harm     .   v - +0 pair of gloves
MR       .....                  u - +0 pair of boots
Stlth    ++........             p - +4 amulet of reflection
Regen    0.2/turn               (no ring)
                                k - ring of flight

@: very slightly contaminated, drained
A: unfitting armour, cold-blooded, AC +6
a: Renounce Religion, Evoke Flight


You were on level 4 of the Dungeon.
You worshipped Vehumet.
Vehumet was aware of your devotion.
You were hungry.

You visited 1 branch of the dungeon, and saw 4 of its levels.

You collected 211 gold pieces.

Inventory:

Hand Weapons
 a - a +2 spear (weapon)
 d - a +0 dagger
Armour
 e - a +0 buckler (worn)
 s - a +0 cloak (worn)
 u - a +0 pair of boots (worn)
 v - a +0 pair of gloves (worn)
Jewellery
 k - a ring of flight (left hand)
 o - an uncursed amulet of harm
 p - a +4 amulet of reflection (around neck)
Scrolls
 b - 4 scrolls of teleportation
 g - a scroll of remove curse
 j - a scroll of immolation
 q - a scroll of amnesia {unknown}
Potions
 c - 3 potions of curing
 i - a potion of cancellation
 m - a potion of agility
 r - a potion of cure mutation {unknown}
 w - 2 potions of ambrosia
Comestibles
 f - 3 bread rations
 n - a royal jelly
 t - a meat ration


   Skills:
 + Level 5.8(5.3) Fighting
 + Level 5.8(5.4) Polearms
 + Level 2.9(2.5) Throwing
 + Level 3.5(3.1) Dodging
 + Level 4.3(3.8) Stealth
 + Level 3.8(3.4) Shields
 + Level 3.1(2.7) Unarmed Combat
 + Level 2.8(2.4) Spellcasting
 + Level 3.1(2.6) Evocations


You had 9 spell levels left.
You knew the following spells:

 Your Spells              Type           Power        Failure   Level  Hunger
a - Flame Tongue          Conj/Fire      #....        24%         1    #......


Dungeon Overview and Level Annotations

Branches:
Dungeon (4/15)             Temple (0/1) D:4

Altars:
Dithmenos
Fedhas
Kikubaaqudgha
Okawaru
Ru
Trog
Uskayaw
Vehumet
Xom

Annotations:
D:4 Menkaure


Innate Abilities, Weirdness & Mutations

Your plain brown scales are hard. (AC +6)
You cannot fit into any form of body armour.
You are cold-blooded and may be slowed by cold attacks.


Message History

Confirm with . or Enter, or press ? or * to list all spells.
Aiming: Flame Tongue
Press: ? - help, Shift-Dir - straight line, f/p - Menkaure
Aim: Menkaure (severely damaged, fast)
You miscast Flame Tongue.
You hear a sizzling sound.
Menkaure points at you and mumbles some strange words.
You barely resist.
Casting: Flame Tongue
Confirm with . or Enter, or press ? or * to list all spells.
Aiming: Flame Tongue
Press: ? - help, Shift-Dir - straight line, f/p - Menkaure
Aim: Menkaure (severely damaged, fast)
You miscast Flame Tongue.
Sparks fly from your hands!
Menkaure points at you and mumbles some strange words.
Pain shoots through your body!
* * * LOW HITPOINT WARNING * * *
Menkaure points at you and mumbles some strange words.
Pain shoots through your body!
You die...

#..#.# #..#.#
########..#.#
#.........#.#####
+........>......+
#.......#.#.#####
#....<..#.#.#
#.......#.#.########
#......@#.#.........
#####+#M#.#..#######
#.#.#.#..#
#(#.#.#..#
#.#.#.#..#
#########.#.#.#..#
#................#
#.#######.#.##...#
#.# ...#.##...#


You could see Menkaure.

Vanquished Creatures
  Grinder (D:3)
  A hound (D:4)
  2 orc priests (D:3)
  An orc wizard (D:3)
  Terence (D:3)
  3 adders
  A worm (D:3)
  A dart slug (D:1)
  3 leopard geckos
  6 orcs
  2 ball pythons
  7 bats
  2 giant cockroaches (D:1)
  10 goblins
  6 hobgoblins
  3 jackals (D:3)
  15 kobolds
  2 frilled lizards
  9 rats
76 creatures vanquished.

Vanquished Creatures (others)
  A kobold (D:3)
1 creature vanquished.

Grand Total: 77 creatures vanquished

Notes
Turn   | Place    | Note
-------+----------+-------------------------------------------
     0 | D:1      | terra52 the Draconian Wanderer began the quest for the Orb.
     0 | D:1      | terra52 set off with: a +2 spear, a scroll of teleportation, a potion of curing, a +0 dagger, a bread ration
     0 | D:1      | Reached XP level 1. HP: 19/19 MP: 1/1
    51 | D:1      | Reached XP level 2. HP: 17/26 MP: 2/2
   520 | D:1      | Reached XP level 3. HP: 33/33 MP: 3/3
  1478 | D:2      | Reached skill level 5 in Fighting
  1478 | D:2      | Reached skill level 5 in Polearms
  1478 | D:2      | Reached XP level 4. HP: 42/42 MP: 3/8
  1481 | D:2      | Found a blossoming altar of Fedhas.
  1512 | D:2      | Found a radiant altar of Vehumet.
  1544 | D:2      | Became a worshipper of Vehumet
  1840 | D:3      | Noticed Grinder
  1844 | D:3      | Reached XP level 5. HP: 43/49 MP: 9/9
  2151 | D:3      | Found an ancient bone altar of Kikubaaqudgha.
  2604 | D:3      | Found an iron altar of Okawaru.
  2639 | D:3      | Killed Grinder
  2639 | D:3      | Reached XP level 6. HP: 29/57 MP: 10/10
  2913 | D:3      | Noticed Terence
  2943 | D:3      | Killed Terence
  3019 | D:3      | Reached * piety under Vehumet
  3019 | D:3      | Offered knowledge of Flame Tongue by Vehumet.
  3023 | D:3      | Learned a level 1 spell: Flame Tongue
  3034 | D:3      | Found a shadowy altar of Dithmenos.
  3146 | D:3      | Found a bloodstained altar of Trog.
  3157 | D:3      | Found a hide-covered altar of Uskayaw.
  3174 | D:3      | Found a sacrificial altar of Ru.
  3178 | D:3      | Found a shimmering altar of Xom.
  3216 | D:4      | Found a staircase to the Ecumenical Temple.
  3279 | D:4      | Noticed Menkaure
  3505 | D:4      | Killed from afar by Menkaure

Vault maps used:
D:1:      eino_arrival_druids_welcome, minivault_19
D:2:      fedhas_altar_3, lemuel_doored_altar, grunt_decor_arrowhead
D:3:      lemuel_round_altar, minmay_overflow_temple_star_hex,
          lemuel_round_altar, uniq_terence, uniq_grinder
D:4:      grunt_temple_overflow_holy_war, uniq_menkaure, uniq_pikel

Skill      XL: |  1  2  3  4  5 |
---------------+----------------+-----
Fighting       | 5 |  5.8
Polearms       | 5 |  5.8
Throwing       | 2 |  2.9
Dodging        | 3 |  3.5
Stealth        | 3 4 |  4.3
Shields        | 3 |  3.8
Unarmed Combat | 3 |  3.1
Spellcasting   | 2 |  2.8
Evocations     | 3 |  3.1

Action                   |  1- 3 |  4- 6 || total
-------------------------+-------+-------++-------
Melee: Spear             |   117 |   169 ||   286
       Tailslap          |    13 |    13 ||    26
 Cast: Flame Tongue      |       |     7 ||     7
  Use: Scroll            |     1 |    10 ||    11
       Potion            |     1 |     1 ||     2
 Stab: Sleeping          |     2 |     4 ||     6
  Eat: Chunk             |     2 |     6 ||     8
Armor: Skin              |    36 |    53 ||    89
Dodge: Dodged            |    55 |    67 ||   122
Block: Buckler           |     9 |    52 ||    61
       Reflection        |       |     4 ||     4
